Map: Pillars of Gold LE

Players

MarcoMan - Winner!

  • Race: Protoss Protoss
  • League: Master
  • Spawn Location: 1:00

Lionel

  • Race: Protoss Protoss
  • League: Master
  • Spawn Location: 7:00

VOD

Have the link to the VOD?

Description

Time

  • Played on: Jan. 15, 2021, 10:47 p.m.
  • Length: 20:08
Show
View Real Time Build Order
Export as new Build Order

MarcoMan Protoss - Winner!

Build Orders: Carriers 

Get SALT Encoding   

  12  0:01  Probe  
  13  0:13  Probe  
  14  0:19  Pylon  
  14  0:25  Probe  
  15  0:37  Probe  
  15  0:42  Gateway  
  16  0:49  Probe  
  17  0:51  Assimilator  
  17  1:01  Probe  
  17  1:02  Assimilator  
  18  1:14  Probe  
  19  1:26  Gateway  
  19  1:30  Cybernetics Core  
  19  1:35  Probe  
  21  1:47  Probe  
  21  1:48  Pylon  
  21  1:59  Probe  
  22  2:12  Adept x2 (Chrono Boost)  
  26  2:16  Warp Gate  
  26  2:23  Pylon  
  26  2:38  Stalker  
  26  2:41  Stalker  
  30  3:16  Nexus  
  30  3:26  Stargate  
  30  3:31  Probe  
  31  3:43  Probe  
  32  4:00  Probe  
  31  4:07  Oracle (Chrono Boost)  
  34  4:13  Probe  
  34  4:15  Robotics Facility  
  35  4:25  Probe  
  35  4:27  Probe (Chrono Boost)  
  35  4:29  Stalker  
  39  4:37  Stalker, Probe (Chrono Boost)  
  42  4:39  Probe (Chrono Boost)  
  43  4:47  Probe (Chrono Boost)  
  43  4:51  Probe x2 (Chrono Boost)  
  44  4:59  Pylon  
  46  5:02  Probe  
  46  5:04  Observer  
  46  5:05  Probe  
  49  5:11  Forge  
  49  5:14  Probe  
  49  5:17  Probe  
  51  5:26  Probe  
  51  5:28  Void Ray  
  52  5:29  Probe  
  52  5:35  Gateway  
  57  5:38  Probe, Immortal  
  62  5:49  Pylon  
  62  5:50  Assimilator  
  62  5:54  Assimilator  
  62  6:02  Protoss Ground Weapons Level 1  
  62  6:07  Probe x2  
  61  6:16  Immortal (Chrono Boost)  
  61  6:21  Pylon  
  61  6:22  Nexus  
  65  6:29  Probe  
  65  6:32  Robotics Bay, Probe  
  67  6:42  Probe  
  67  6:46  Pylon  
  68  6:48  Observer, Void Ray  
  68  6:49  Stalker x2  
  77  7:01  Photon Cannon  
  77  7:05  Shield Battery  
  77  7:08  Probe x2  
  79  7:18  Stalker  
  79  7:20  Probe x2  
  83  7:25  Stalker  
  85  7:32  Pylon, Probe  
  85  7:35  Disruptor (Chrono Boost)  
  86  7:37  Probe  
  86  7:41  Probe  
  91  7:45  Gateway, Probe  
  91  7:49  Probe  
  93  7:53  Probe  
  93  7:54  Pylon  
  93  7:58  Probe  
  93  8:01  Probe  
  93  8:05  Probe  
  95  8:06  Adept  
  95  8:08  Adept  
  99  8:14  Disruptor (Chrono Boost)  
  100  8:24  Void Ray  
  98  8:29  Probe  
  98  8:31  Probe x2  
  105  8:34  Pylon  
  105  8:36  Assimilator  
  105  8:40  Assimilator, Photon Cannon  
  106  8:41  Probe  
  106  8:42  Adept x2  
  106  8:43  Probe x2  
  112  8:49  Disruptor (Chrono Boost)  
  112  8:55  Probe  
  116  9:00  Twilight Council  
  116  9:04  Photon Cannon  
  116  9:05  Shield Battery  
  116  9:07  Pylon  
  116  9:09  Probe  
  117  9:18  Disruptor (Chrono Boost)  
  117  9:19  Void Ray  
  117  9:20  Stalker x3  
  126  9:32  Pylon  
  126  9:33  Protoss Ground Weapons Level 2 (Chrono Boost)  
  126  9:35  Photon Cannon, Stargate  
  126  9:41  Probe  
  126  9:43  Stalker x2  
  131  9:47  Stalker  
  133  9:58  Disruptor  
  133  9:59  Pylon  
  136  10:00  Pylon  
  136  10:33  Disruptor  
  136  10:34  Probe x2  
  136  10:35  Stalker x3  
  145  10:36  Blink (Chrono Boost)  
  147  10:51  Nexus  
  147  10:53  Pylon  
  147  10:54  Pylon, Probe  
  148  10:57  Assimilator  
  148  10:58  Pylon  
  148  11:01  Assimilator, Pylon  
  148  11:04  Pylon  
  148  11:07  Void Ray  
  148  11:09  Disruptor (Chrono Boost)  
  155  11:22  Fleet Beacon  
  155  11:30  Stalker x2  
  155  11:31  Stalker  
  161  11:46  Observer  
  160  11:47  Zealot  
  160  11:50  Probe x2  
  160  11:52  Pylon  
  164  12:00  Photon Cannon  
  162  12:02  Photon Cannon  
  162  12:06  Carrier x2, Protoss Ground Weapons Level 3 (Chrono Boost)  
  174  12:11  Nexus  
  174  12:15  Pylon  
  174  12:17  Pylon  
  174  12:21  Protoss Air Weapons Level 1 (Chrono Boost)  
  174  12:23  Assimilator  
  174  12:26  Stargate  
  174  12:28  Assimilator  
  174  12:40  Mothership (Chrono Boost)  
  182  12:46  Shield Battery, Pylon  
  182  12:58  Photon Cannon  
  182  13:00  Photon Cannon  
  182  13:02  Photon Cannon  
  182  13:07  Carrier x2 (Chrono Boost)  
  200  13:19  Carrier (Chrono Boost)  
  187  14:04  Carrier  
  187  14:05  Carrier  
  199  14:46  Protoss Air Weapons Level 2 (Chrono Boost)  
  195  15:02  Photon Cannon  
  195  15:04  Photon Cannon  
  195  15:05  Shield Battery  
  184  15:10  Photon Cannon  
  181  15:15  Nexus  
  181  15:17  Pylon  
  180  15:25  Carrier x2  
  192  15:30  Nexus  
  192  15:34  Photon Cannon  
  192  15:35  Photon Cannon  
  192  15:42  Mothership  
  169  16:04  Nexus  
  157  16:05  Pylon  
  157  16:07  Pylon  
  151  16:22  Carrier  
  151  16:23  Void Ray  
  157  16:29  Void Ray  
  157  16:32  Photon Cannon  
  161  16:33  Photon Cannon  
  161  16:36  Photon Cannon  
  161  16:37  Shield Battery  
  161  16:39  Shield Battery  
  159  16:56  Immortal (Chrono Boost)  
  159  17:00  Void Ray  
  163  17:07  Templar Archives  
  167  17:28  Immortal  
  171  17:38  Void Ray  
  177  17:44  Carrier  
  181  17:53  Pylon  
  181  17:55  Assimilator, Probe x3  
  184  18:06  Carrier  
  184  18:07  Disruptor  
  184  18:11  Pylon  
  185  18:18  Zealot  
  185  18:19  Zealot x3  
  185  18:32  Probe  
  185  18:33  Probe x2  
  166  18:44  Probe  
  166  18:45  Probe x2  
  166  18:47  Photon Cannon  
  169  18:49  Photon Cannon  
  169  18:51  Gateway  
  169  18:53  Photon Cannon  
  169  18:57  Probe x3  
  169  18:58  Nexus  
  169  19:00  Pylon  
  169  19:02  Pylon  
  172  19:07  Void Ray x2  
  172  19:09  Probe  
  169  19:33  Photon Cannon  
  169  19:35  Photon Cannon  
  169  19:37  Photon Cannon  
  169  19:40  Dark Shrine  
Show
View Real Time Build Order
Export as new Build Order

Lionel Protoss 

Build Orders: Oracle Opening 

Get SALT Encoding   

  12  0:00  Probe  
  13  0:12  Probe  
  14  0:18  Pylon  
  14  0:25  Probe  
  15  0:37  Probe (Chrono Boost)  
  15  0:38  Gateway  
  16  0:48  Assimilator, Probe (Chrono Boost)  
  17  0:53  Probe (Chrono Boost)  
  18  1:02  Assimilator  
  18  1:03  Probe  
  19  1:12  Gateway  
  19  1:15  Probe  
  20  1:27  Probe (Chrono Boost)  
  20  1:30  Cybernetics Core  
  21  1:39  Probe (Chrono Boost)  
  22  1:40  Pylon  
  22  1:44  Probe (Chrono Boost)  
  23  1:58  Probe  
  24  2:06  Stalker x2  
  28  2:09  Warp Gate  
  28  2:17  Pylon  
  28  2:19  Probe  
  29  2:32  Probe  
  30  2:49  Nexus  
  30  2:58  Shield Battery  
  30  3:02  Sentry x2  
  34  3:15  Twilight Council  
  34  3:18  Probe  
  35  3:30  Probe  
  35  3:32  Oracle  
  36  3:35  Forge  
  36  3:42  Probe  
  36  3:44  Shield Battery  
  37  3:50  Pylon  
  37  3:55  Probe  
  37  4:01  Stalker  
  39  4:05  Probe  
  39  4:07  Probe  
  39  4:08  Stalker  
  43  4:13  Blink (Chrono Boost)  
  43  4:19  Probe  
  43  4:22  Protoss Ground Weapons Level 1 (Chrono Boost)  
  44  4:27  Oracle  
  44  4:28  Probe  
  45  4:31  Probe  
  45  4:35  Stalker  
  48  4:40  Probe  
  48  4:41  Pylon  
  49  4:48  Stalker  
  49  4:52  Probe (Chrono Boost)  
  53  4:54  Probe (Chrono Boost)  
  53  4:58  Assimilator  
  53  5:02  Stalker  
  53  5:03  Probe (Chrono Boost)  
  53  5:06  Probe (Chrono Boost)  
  57  5:08  Probe (Chrono Boost)  
  57  5:13  Stalker, Assimilator  
  60  5:14  Probe  
  60  5:20  Probe  
  62  5:29  Pylon  
  62  5:45  Nexus  
  62  5:47  Probe x2  
  62  5:48  Stalker, Pylon  
  66  5:53  Shield Battery  
  66  5:56  Oracle  
  66  5:59  Probe x2  
  66  6:02  Stalker  
  70  6:09  Gateway  
  70  6:11  Probe  
  70  6:13  Gateway  
  70  6:15  Gateway  
  70  6:17  Protoss Ground Weapons Level 2 (Chrono Boost)  
  71  6:27  Charge (Chrono Boost)  
  71  6:28  Templar Archives  
  71  6:32  Probe  
  72  6:36  Probe  
  73  6:44  Stalker x2  
  77  6:49  Pylon  
  77  6:52  Probe  
  78  6:57  Gateway  
  78  6:59  Gateway  
  78  7:01  Probe  
  79  7:07  Oracle  
  79  7:13  Probe  
  79  7:15  Stalker x4  
  88  7:26  Probe  
  87  7:32  Probe x2  
  87  7:34  Zealot  
  91  7:38  Probe  
  91  7:40  Stalker x4  
  100  7:44  Probe  
  100  7:50  Gateway  
  101  7:53  Pylon  
  101  7:54  Pylon  
  101  7:55  Probe x2, Oracle  
  101  8:08  Pylon  
  101  8:11  Probe x2  
  103  8:13  Assimilator  
  103  8:16  Robotics Facility  
  103  8:17  High Templar  
  103  8:19  Pylon  
  101  8:22  Pylon  
  101  8:28  High Templar x2  
  101  8:29  Zealot x2, High Templar  
  101  8:30  Zealot  
  113  8:34  Archon  
  113  8:35  Archon  
  113  8:37  Probe  
  113  8:38  Protoss Ground Armor Level 1 (Chrono Boost)  
  113  8:41  Assimilator  
  114  8:50  Photon Cannon x2  
  114  8:54  Zealot x3  
  120  8:57  Probe  
  120  8:58  Nexus  
  120  9:01  Assimilator  
  121  9:03  Probe  
  121  9:05  Warp Prism (Chrono Boost), Pylon  
  121  9:09  Assimilator  
  124  9:12  High Templar x2  
  124  9:14  Zealot  
  124  9:15  Zealot x2  
  134  9:17  Archon  
  134  9:21  Probe  
  134  9:25  Photon Cannon  
  134  9:26  Probe  
  134  9:28  Dark Shrine  
  134  9:29  Photon Cannon  
  135  9:38  Forge  
  135  9:40  Probe  
  135  9:41  Pylon  
  135  9:43  Probe, Oracle  
  137  9:49  Photon Cannon  
  137  9:52  High Templar x2  
  141  9:53  Stalker x2, Zealot  
  141  9:57  Archon  
  141  9:58  Oracle  
  147  10:03  Probe  
  147  10:04  High Templar  
  150  10:07  Gateway, Probe  
  150  10:10  Gateway  
  137  10:15  Probe  
  137  10:19  Probe  
  137  10:20  Protoss Ground Weapons Level 3 (Chrono Boost)  
  137  10:22  Probe  
  137  10:23  High Templar  
  137  10:26  Probe  
  141  10:32  Zealot x6  
  153  10:40  Archon  
  153  10:42  Robotics Bay  
  153  10:47  Robotics Facility  
  151  11:05  Zealot x2  
  151  11:07  Dark Templar x2  
  151  11:08  Oracle  
  157  11:17  Oracle  
  157  11:19  Zealot x6  
  157  11:21  Probe  
  166  11:26  Shadow Stride (Chrono Boost)  
  166  11:27  Protoss Ground Armor Level 2 (Chrono Boost), Probe  
  166  11:28  Probe  
  168  11:38  Disruptor (Chrono Boost)  
  168  11:46  Disruptor (Chrono Boost)  
  168  11:48  Gravitic Drive (Chrono Boost)  
  168  11:57  High Templar x2  
  172  12:02  Pylon  
  172  12:04  Pylon  
  172  12:05  Pylon  
  172  12:08  Archon  
  172  12:20  Disruptor x2  
  178  12:25  Nexus  
  178  12:26  Pylon  
  178  12:27  Photon Cannon  
  178  12:29  Shield Battery, Pylon, Photon Cannon  
  178  12:30  Photon Cannon  
  178  12:33  Assimilator, Shield Battery  
  160  12:38  Zealot x3, High Templar x2  
  160  12:39  Zealot  
  160  12:41  Probe  
  160  12:42  Probe  
  160  12:44  Probe  
  175  12:45  Probe  
  176  12:53  Probe  
  176  12:54  Probe  
  176  12:56  Probe  
  176  12:57  Stalker, Probe  
  176  12:58  Archon  
  180  13:04  Stalker x3  
  186  13:06  Oracle  
  186  13:08  Probe  
  186  13:09  Probe  
  188  13:13  Probe  
  183  13:20  Stalker  
  183  13:21  Stalker x2, Zealot x2  
  183  13:22  Zealot  
  183  13:24  Probe  
  194  13:30  Probe  
  196  13:34  Probe  
  196  13:38  Zealot x2  
  200  13:48  Photon Cannon  
  200  13:50  Photon Cannon  
  200  13:52  Photon Cannon  
  200  13:53  Photon Cannon  
  200  13:55  Probe  
  197  14:27  Pylon  
  197  14:29  Gateway  
  197  14:31  Gateway x2  
  197  14:33  Assimilator  
  197  14:37  Gateway  
  197  14:50  Photon Cannon  
  190  15:07  Stalker x6  
  195  15:15  Probe  
  195  15:19  Stalker x4  
  193  15:21  Observer (Chrono Boost)  
  195  15:29  Stalker, Observer (Chrono Boost)  
  195  15:34  Observer (Chrono Boost)  
  179  15:38  Stalker x2  
  179  15:39  Stalker  
  179  15:40  Stalker x5  
  184  15:45  Stalker x4  
  190  15:56  Stalker  
  148  16:02  Stalker x3  
  148  16:03  Stalker x5  
  133  16:16  Stalker x4  
  119  16:24  Stalker  
  119  16:25  Stalker x7  
  132  16:33  Stalker  
  134  16:41  Stalker  
  134  16:42  Stalker x7  
  134  16:43  Stalker x3  
  156  17:07  High Templar  
  156  17:08  High Templar x7  
  172  17:16  Archon x3  
  172  17:17  Archon  
  172  17:21  Probe  
  173  17:23  High Templar  
  173  17:25  Nexus  
  173  17:28  Pylon  
  175  17:36  Nexus  
  171  17:39  Pylon  
  171  17:41  Zealot x3  
  171  17:42  Zealot x5  
  171  17:43  Zealot x2  
  191  17:49  Probe  
  192  17:51  Probe  
  192  17:56  Photon Cannon  
  192  17:57  Photon Cannon  
  192  17:58  Probe  
  194  18:00  Probe, Photon Cannon  
  194  18:04  Pylon  
  194  18:05  Pylon  
  176  18:20  Stalker x4  
  176  18:21  Stalker x5  
  192  18:31  Stalker x3, Gravitic Boosters (Chrono Boost)  
  169  18:44  Zealot x2, Dark Templar x2  
  169  18:45  Zealot x4  
  185  18:48  Probe  
  185  18:51  Probe x2  
  188  18:57  Nexus  
  188  19:01  Probe  
  171  19:10  Stalker x4  
  171  19:11  Stalker x3  
  171  19:16  Stalker x3  
  179  19:37  Zealot  
  179  19:38  Zealot x4  
  189  19:51  Assimilator  
  189  19:52  Assimilator  
Tags
 
Composition
Carriers
Matchup
PvP
Replay Pack
Weekend
Spawn Locations
Cross Positions
Add a new tag
Caveats
  • Supply blocks, unpowered buildings, or Contaminate may cause inaccurate times.
  • Supply counts are checked every 10 seconds.